 Dungeon Crawl Stone Soup version 0.30-a0-586-g23e55c9e0a (webtiles) character file.

Game seed: 789271809387169130

2 sokol815 the Charlatan (level 1, -2/13 HPs)
             Began as an Octopode Artificer on Jan 4, 2023.
             Killed from afar by a dart slug (3 damage)
             ... with a slug dart
             ... on level 1 of the Dungeon.
             The game lasted 00:00:30 (48 turns).

sokol815 the Charlatan (Octopode Artificer)           Turns: 48, Time: 00:00:30

Health: -2/13      AC:  1    Str: 11    XL:     1   Next: 40%
Magic:  1/1        EV: 13    Int: 13    God:
Gold:   0          SH:  0    Dex: 12    Spells: 0/0 levels left

rFire   . . .      SeeInvis .    a - +0 club
rCold   . . .      Faith    .    (no shield)
rNeg    . . .      Spirit   .    (helmet restricted)
rPois   .          Reflect  .    (no amulet)
rElec   .          Harm     .    (no ring)
rCorr   .          Rampage  .    (no ring)
Will    .....                    (no ring)
Stlth   +++                      (no ring)
HPRegen 0.22/turn                (no ring)
MPRegen 0.07/turn                (no ring)
                                 (no ring)
                                 (no ring)

@: no status effects
A: almost no armour, amphibious, 8 rings, camouflage 1, gelatinous body 1,
(nimble swimmer 1), tentacles
a: no special abilities


You were on level 1 of the Dungeon.
You visited 1 branch of the dungeon, and saw 1 of its levels.

Inventory:

Hand Weapons
 a - a +0 club (weapon)
Missiles
 b - 2 boomerangs
Wands
 e - a wand of charming (15)
 i - a wand of iceblast (5)
 q - a wand of flame (13)


   Skills:
 - Level 1.0 Fighting
 - Level 2.3 Dodging
 + Level 2.1 Stealth
 - Level 3.2 Evocations


You couldn't memorise any spells.
You didn't know any spells.
Your spell library was empty.

Dungeon Overview and Level Annotations

Branches:
Dungeon (1/15) Zot: 5948

Altars:


Innate Abilities, Weirdness & Mutations

You cannot wear most types of armour.
You are amphibious.
You can wear up to eight rings at the same time.
Your skin changes colour to match your surroundings (Stealth+).
Your rubbery body absorbs attacks. (AC +1, EV +1)
((You are camouflaged when in or above water. (Stealth+)))
You have tentacles for arms and can constrict up to eight enemies at once.


Message History

Ran out of altars for temple!
Bad channel name for runrest: 'Jiyva says: Divide and consume' Welcome, sokol815 the Octopode Artificer.
The transcendent Orb of Zot lies far below, as if waiting for you to find it.
Found 2 boomerangs.
Found a staircase leading out of the dungeon.
b - 2 boomerangs You open the door.
A hobgoblin comes into view.
There is an open door here.
The helpless hobgoblin fails to defend itself.
You hit the hobgoblin but do no damage. Your grab misses the hobgoblin.
You squeeze the hobgoblin.
The hobgoblin hits you but does no damage.
You hit the hobgoblin.
You kill the hobgoblin!
You see here a hobgoblin corpse.
You open the door.
There is an open door here.
You see here a hobgoblin corpse.
There is an open door here.
Found a stone staircase leading down.
There is a stone staircase leading down here.
A dart slug comes into view.
A giant cockroach comes into view.
The dart slug launches a dart at you. The slug dart hits you.
You take 4 damage, and have 9/13 hp.
MASSIVE DAMAGE!!
A ball python and a giant cockroach come into view.
Found a stone staircase leading down.
You barely miss the dart slug. You grab the dart slug.
You constrict the dart slug. The dart slug barely misses you.
You hit the dart slug. You constrict the dart slug.
The giant cockroach completely misses you.
The dart slug misses you.
You completely miss the dart slug. You constrict the dart slug.
The dart slug launches a dart at you. The slug dart hits you.
The giant cockroach misses you. The giant cockroach closely misses you.
You take 5 damage, and have 5/13 hp.
MASSIVE DAMAGE!!
You release your grip on the dart slug.
You hit the giant cockroach but do no damage.
Your grab misses the giant cockroach.
The giant cockroach bites you but does no damage.
The giant cockroach closely misses you.
You hit the giant cockroach. You grab the giant cockroach.
You constrict the giant cockroach. The giant cockroach bites you.
You take 2 damage, and have 4/13 hp.
You hit the giant cockroach.
You squeeze the giant cockroach, but do no damage.
You constrict the giant cockroach, but do no damage.
The giant cockroach bites you.
* * * LOW HITPOINT WARNING * * *
The giant cockroach bites you.
* * * LOW HITPOINT WARNING * * *
You take 3 damage, and have 1/13 hp.
MASSIVE DAMAGE!!
Aim: a giant cockroach (almost dead, constricted by you, chance to affect: 73%)
Okay, then.
Aim: a giant cockroach (almost dead, constricted by you, 98% to hit)
The puff of flame hits the giant cockroach.
You kill the giant cockroach!
The giant cockroach bites you.
* * * LOW HITPOINT WARNING * * *
Your Stealth skill increases to level 2!
Aim: a giant cockroach (71% to hit)
The puff of flame hits the giant cockroach.
You kill the giant cockroach!
The dart slug launches a dart at you. The slug dart hits you.
You die...

##.#'#...........#
#..#†#...........#
#>##'#.#..#..#...#
#....+..≈........#
#.####.8§°......<#
#....+.○§°.......#
#.##+#.#..#..#...#
#.# #...........#
#@# #...........#
#†# ###.#########
........w......
.........####..
.........#
..>......#
...)......
.........#
#####S...#


You could see a dart slug.

Vanquished Creatures
  2 giant cockroaches (D:1)
  A hobgoblin (D:1)
3 creatures vanquished.

Notes
Turn   | Place    | Note
-------+----------+-------------------------------------------
     0 | D:1      | sokol815 the Octopode Artificer began the quest for the
                  | Orb.
     0 | D:1      | Reached XP level 1. HP: 13/13 MP: 1/1
    46 | D:1      | HP: 2/13 [giant cockroach (2)]
    48 | D:1      | Reached skill level 2 in Stealth
    48 | D:1      | Killed from afar by a dart slug

Illustrated notes

Levels and vault maps discovered:
D:1:      shiori_arrival_oz, layout_rooms, nicolae_eternal_life,
          kennysheep_pointless_box

Skill      XL: |  1 |
---------------+----+-----
Stealth        | 2 |  2.1
Fighting       | |  1.0
Dodging        | |  2.3
Evocations     | |  3.2

Action                   || total
-------------------------++-------
Melee: Club              ||     8
       Constrict         ||     2
       Tentacles         ||     2
Evoke: Wand              ||     2
 Stab: Sleeping          ||     1
Armor: Skin              ||     2
Dodge: Dodged            ||     6

Table legend: (Time is in decaauts)
 A = Elapsed time spent in this place.
 B = Non-inter-level travel time spent in this place.
 C = Inter-level travel time spent in this place.
 D = Time resting spent in this place.
 E = Time spent auto-exploring this place.
 F = Levels seen in this place.
 G = Mean time per level.
                   A        B        C        D        E       F      G
               +--------+--------+--------+--------+--------+-----+--------+
         Total |     50 |     50 |      0 |      0 |     24 |   1 |   50.0 |
       Dungeon |     50 |     50 |      0 |      0 |     24 |   1 |   50.0 |
               +--------+--------+--------+--------+--------+-----+--------+

Top non-repeatable levels by time:
     D:1: 50 daAuts

Table legend:
 A = Kills in this place as a percentage of kills in entire the game.
 B = Kills by you in this place as a percentage of kills by you in the entire game.
 C = Kills by friends in this place as a percentage of kills by friends in the entire game.
 D = Other kills in this place as a percentage of other kills in the entire game.
 E = Experience gained in this place as a percentage of experience gained in the entire game.
 F = Experience gained in this place divided by the number of levels of this place that you have seen.
                   A       B       C       D       E      F
               +-------+-------+-------+-------+-------+----------------------
         Total | 100.0 | 100.0 |   N/A |   N/A | 100.0 |   6.0
       Dungeon | 100.0 | 100.0 |   N/A |   N/A | 100.0 |   6.0
               +-------+-------+-------+-------+-------+----------------------
